 Dungeon Crawl Stone Soup version 0.31-a0-626-g8143ab4f1d (webtiles) character file.

Game seed: 256308111487810420

6156 rddays123 the Digger (level 10, -5/61 HPs)
             Began as a Gargoyle Earth Elementalist on Aug 24, 2023.
             Was a Believer of Vehumet.
             Slain by Grum
             ... wielding a +1 glaive of protection
              (23 damage)
             ... on level 10 of the Dungeon.
             The game lasted 00:29:52 (9635 turns).

rddays123 the Digger (Gargoyle Earth Elementalist)  Turns: 9635, Time: 00:29:52

Health: -5/61      AC: 17    Str: 12    XL:     10   Next: 90%
Magic:  14/17      EV: 13    Int: 20    God:    Vehumet [**....]
Gold:   343        SH:  0    Dex: 10    Spells: 15/19 levels left

rFire   . . .        o - +8 flail of Fury {holy, rN+ Will+ Stlth+}
rCold   . . .        (no shield)
rNeg    + + .        K - +0 troll leather armour
rPois   ∞            D - +1 helmet
rElec   +            L - +0 cloak
rCorr   .            (no gloves)
SInv    .            A - +2 pair of boots
Will    +....        (no amulet)
Stlth   +++          F - +4 ring of slaying
HPRegen 1.10/turn    I - +4 ring of slaying
MPRegen 0.15/turn

%: no passive effects
@: no status effects
A: sickness immunity, AC +7, negative energy resistance 1, electricity
resistance, torment resistance 1, petrification resistance
a: Renounce Religion


You were on level 10 of the Dungeon.
You worshipped Vehumet.
Vehumet was pleased with you.
You visited 2 branches of the dungeon, and saw 11 of its levels.

You collected 497 gold pieces.
You spent 154 gold pieces at shops.

Inventory:

Hand Weapons
 d - a +0 dagger
 o - the +8 flail of Fury (weapon) {holy, rN+ Will+ Stlth+}
   (You found it on level 2 of the Dungeon)

   rN+:       It protects you from negative energy.
   Will+:     It increases your willpower.
   Stlth+:    It makes you more stealthy.
Armour
 a - a +0 robe
 k - a +0 robe of fire resistance
 n - a +0 tower shield
 u - a +0 pair of boots
 A - a +2 pair of boots (worn)
 D - a +1 helmet (worn)
 K - a +0 troll leather armour (worn)
 L - a +0 cloak (worn)
 M - a +0 pair of boots
Jewellery
 F - a +4 ring of slaying (left hand)
 I - a +4 ring of slaying (right hand)
 J - a +4 ring of slaying
Wands
 g - a wand of mindburst (5)
 C - a wand of iceblast (25)
Scrolls
 f - a scroll of noise {unknown}
 h - 2 scrolls of immolation
 i - a scroll of acquirement {unknown}
 l - 3 scrolls of blinking
 m - a scroll of amnesia
 s - 5 scrolls of teleportation
 t - a scroll of torment {unknown}
 y - a scroll of silence {unknown}
 B - 2 scrolls of revelation {unknown}
 E - a scroll of butterflies {unknown}
 G - 2 scrolls of identify
 H - a scroll of poison {unknown}
Potions
 b - a potion of magic
 c - 4 potions of brilliance
 e - 2 potions of invisibility
 j - 3 potions of might
 p - 5 potions of ambrosia
 q - 3 potions of heal wounds
 r - 3 potions of enlightenment
 v - a potion of degeneration {unknown}
 w - 3 potions of curing {unknown}
 x - a potion of resistance {unknown}
 z - 2 potions of haste {unknown}


   Skills:
 + Level 6.6 Fighting
 + Level 6.4 Maces & Flails
 + Level 6.5 Armour
 + Level 5.3 Dodging
 - Level 2.1 Stealth
 - Level 5.1 Spellcasting
 - Level 3.3 Conjurations
 - Level 0.7 Transmutations
 - Level 7.1 Earth Magic
 + Level 5.4 Evocations


You had 15 spell levels left.
You knew the following spells:

 Your Spells              Type           Power      Damage    Failure   Level
a - Sandblast             Erth           66%        2d15      1%          1
b - Stone Arrow           Conj/Erth      52%        3d10      4%          3

Your spell library contained the following spells:

 Spells                   Type           Power      Damage    Failure   Level
 Shock                    Conj/Air       44%        1d5       7%          1
 Passwall                 Tmut/Erth      16%        N/A       4%          2
 Apportation              Tloc           10%        N/A       14%         1
 Slow                     Hex            20%        N/A       14%         1
 Petrify                  Tmut/Erth      20%        N/A       28%         4
 Confusing Touch          Hex            5%         N/A       38%         3
 Gell's Gravitas          Tloc           5%         N/A       38%         3
 Teleport Other           Tloc           5%         N/A       38%         3
 Tukima's Dance           Hex            5%         N/A       38%         3
 Vampiric Draining        Necr           5%         2d6       38%         3
 Iskenderun's Mystic Bla  Conj/Tloc      11%        2d4       56%         4
 Passage of Golubria      Tloc           5%         N/A       80%         4
 Summon Forest            Summ/Tloc      2%         N/A       98%         5
 Yara's Violent Unravell  Hex/Tmut       3%         3d4       98%         5
 Dispersal                Tloc           2%         N/A       100%        6
 Haunt                    Necr/Summ      2%         N/A       100%        7
 Borgnjor's Revivificati  Necr           2%         N/A       100%        8
 Death's Door             Necr           2%         N/A       100%        9


Dungeon Overview and Level Annotations

Branches:
Dungeon (10/15)            Temple (1/1) D:4            Lair (0/5) D:9
    Orc: D:9-12

Altars:
Ashenzari
Cheibriados
Elyvilon
Fedhas
Gozag
Hepliaklqana
Kikubaaqudgha
Makhleb
Nemelex Xobeh
Okawaru
Qazlal
Ru
Sif Muna
Trog
Uskayaw
Vehumet
Wu Jian
Xom
Yredelemnul
Zin
The Shining One

Shops:
D:6 ?   D:9 *

Annotations:
D:4 Robin
D:10 Grum


Innate Abilities, Weirdness & Mutations

You are immune to sickness and miasma.
Your stone body is resilient. (AC +7)
You are immune to poison.
You resist negative energy. (rN+)
You are resistant to electric shocks. (rElec)
You are resistant to unholy torment.
You are immune to petrification.


Message History

Grum growls angrily.
The wolf howls!
The wolf attacks as it pursues you! The wolf bites you but does no damage.
The wolf bites you.
The blast of sand hits the wolf.
The wolf is moderately wounded.
The wolf bites you but does no damage.
The blast of sand hits the wolf.
The wolf is almost dead.
The wolf bites you.
The wolf bites you but does no damage. x3
Grum hits you from afar with a +1 glaive of protection!
The wolf barely misses you. The wolf closely misses you.
The blast of sand hits the wolf!
You kill the wolf!
Vehumet accepts your kill. The wolf completely misses you.
Grum hits you but does no damage. The wolf closely misses you.
The wolf bites you!
Grum hits you from afar with a +1 glaive of protection.
The wolf bites you. The wolf completely misses you. The wolf barely misses you.
The blast of sand misses the wolf.
The wolf bites you but does no damage. x4
Grum hits you from afar with a +1 glaive of protection!
The wolf bites you but does no damage. The wolf barely misses you.
Grum attacks as he pursues you! Grum misses you.
The wolf attacks as it pursues you! The wolf bites you but does no damage.
Grum attacks as he pursues you! Grum misses you. The wolf barely misses you.
The wolf bites you but does no damage. The wolf attacks as it pursues you!
The wolf closely misses you. The wolf attacks as it pursues you!
The wolf bites you but does no damage. Grum attacks as he pursues you!
Grum hits you from afar with a +1 glaive of protection!
The wolf attacks as it pursues you! The wolf closely misses you.
The wolf bites you. The wolf closely misses you.
You see here a +0 chain mail.
The wolf attacks as it pursues you! The wolf bites you but does no damage.
Grum attacks as he pursues you! Grum barely misses you. The wolf bites you.
* * * LOW HITPOINT WARNING * * *
The wolf bites you but does no damage. The wolf attacks as it pursues you!
The wolf completely misses you. Grum attacks as he pursues you!
Grum hits you from afar with a +1 glaive of protection!!
You die...

###.#....#..............#
....#....#..............#
... ###+##..............#
... ...............# #
........#####..# +
........# #..# #
........# #..# #
........# #..# .
.......@#####..# .
......hh.......# #
...###.g....#### +
#......# +......#
#......# ##.....# .
#.....# . #.#####


You could see Grum and 2 wolves.

Vanquished Creatures
  A two-headed ogre (D:10)
  Maggie (D:9)
  A kobold demonologist (D:5)
  2 trolls
  Sigmund (D:2)
  A wraith (D:10)
  2 wyverns
  5 yaks
  A steam dragon (D:7)
  A water moccasin (D:7)
  An orc warrior (D:5)
  A sky beast (D:7)
  An ice beast (D:6)
  3 black bears
  3 ogres
  6 wolves
  A phantom (D:4)
  A kobold brigand (D:8)
  4 bullfrogs
  Blork the orc (D:4)
  2 scorpions (D:5)
  4 killer bees (D:8)
  5 howler monkeys (D:9)
  An electric eel (D:9)
  3 hounds
  A gnoll bouda (D:7)
  3 jellies (D:5)
  3 orc priests
  A sleepcap (D:7)
  4 iguanas
  9 orc wizards
  7 gnolls
  5 adders
  A shadow imp (D:8)
  2 white imps
  2 ufetubi
  3 worms
  2 dart slugs
  16 orcs
  3 endoplasms
  6 giant cockroaches
  11 goblins
  4 hobgoblins (D:3)
  5 jackals
  5 quokkas
  4 ball pythons
  3 bats
  7 frilled lizards
  8 kobolds
  6 rats
174 creatures vanquished.

Notes
Turn   | Place    | Note
-------+----------+-------------------------------------------
     0 | D:1      | rddays123 the Gargoyle Earth Elementalist began the quest
                  | for the Orb.
     0 | D:1      | Reached XP level 1. HP: 10/10 MP: 3/3
    22 | D:1      | You fall into a shaft and drop 1 floor!
   225 | D:1      | Reached XP level 2. HP: 15/15 MP: 0/5
   239 | D:1      | Reached skill level 4 in Earth Magic
   922 | D:2      | Noticed Sigmund
   939 | D:2      | Killed Sigmund
   940 | D:2      | Reached skill level 5 in Earth Magic
   940 | D:2      | Reached XP level 3. HP: 19/19 MP: 2/8
   940 | D:2      | Reached XP level 4. HP: 24/24 MP: 2/9
   940 | D:2      | Reached XP level 5. HP: 28/28 MP: 2/10
  1039 | D:2      | Learned a level 3 spell: Stone Arrow
  1080 | D:2      | Found a sparkling altar of Nemelex Xobeh.
  1430 | D:2      | Identified the +8 flail of Fury {holy, rN+ Will+ Stlth+}
  1992 | D:3      | Noticed an ogre
  2192 | D:3      | Reached skill level 6 in Earth Magic
  2293 | D:3      | Reached XP level 6. HP: 32/32 MP: 10/12
  2500 | D:3      | Reached skill level 1 in Conjurations
  2750 | D:4      | Noticed Robin
  3117 | D:4      | Reached XP level 7. HP: 36/36 MP: 11/13
  3564 | D:4      | Noticed Blork the orc
  3568 | D:4      | Killed Blork the orc
  3876 | D:5      | Entered Level 5 of the Dungeon
  4003 | D:5      | Reached skill level 5 in Spellcasting
  4003 | D:5      | Reached skill level 7 in Earth Magic
  4050 | D:5      | Found an iron altar of Okawaru.
  4347 | D:5      | Noticed a kobold demonologist
  4351 | D:5      | Killed a kobold demonologist
  4352 | D:5      | Reached skill level 1 in Fighting
  4352 | D:5      | Reached skill level 1 in Armour
  4352 | D:5      | Reached skill level 1 in Evocations
  4352 | D:5      | Reached XP level 8. HP: 43/43 MP: 10/15
  4975 | D:5      | Noticed a two-headed ogre
  5297 | D:4      | Found a staircase to the Ecumenical Temple.
  5312 | Temple   | Entered the Ecumenical Temple
  5329 | Temple   | Became a worshipper of Vehumet
  5463 | D:5      | Reached XP level 9. HP: 51/51 MP: 12/16
  5958 | D:6      | Found a burning altar of Makhleb.
  5996 | D:6      | Found an ancient bone altar of Kikubaaqudgha.
  5998 | D:6      | Got the Folio of Direction
  6412 | D:6      | Found Duir's Magic Scroll Emporium.
  6418 | D:6      | Bought a scroll of teleportation for 42 gold pieces
  6418 | D:6      | Bought a scroll of teleportation for 42 gold pieces
  6418 | D:6      | Bought a scroll of identify for 28 gold pieces
  6418 | D:6      | Bought a scroll of teleportation for 42 gold pieces
  6639 | D:7      | Found a shimmering altar of Xom.
  7741 | D:8      | Reached * piety under Vehumet
  7741 | D:8      | Offered knowledge of Foxfire by Vehumet.
  8077 | D:8      | Reached skill level 5 in Maces & Flails
  8418 | D:9      | Noticed Maggie
  8431 | D:9      | Killed Maggie
  8432 | D:9      | Reached skill level 5 in Fighting
  8432 | D:9      | Reached skill level 5 in Armour
  8432 | D:9      | Reached XP level 10. HP: 36/59 MP: 8/17
  8518 | D:9      | Found a staircase to the Lair.
  8999 | D:9      | Found a blossoming altar of Fedhas.
  9094 | D:9      | Found Guutacri's CLEARANCE SALE!.
  9134 | D:9      | Found a hide-covered altar of Uskayaw.
  9237 | D:10     | Entered Level 10 of the Dungeon
  9278 | D:10     | Found a sacrificial altar of Ru.
  9288 | D:10     | Offered knowledge of Shock by Vehumet.
  9292 | D:10     | Reached skill level 5 in Evocations
  9422 | D:10     | Noticed a two-headed ogre
  9428 | D:10     | Killed a two-headed ogre
  9429 | D:10     | Reached skill level 5 in Dodging
  9499 | D:9      | Reached ** piety under Vehumet
  9621 | D:10     | Noticed Grum
  9635 | D:10     | Slain by Grum

Illustrated notes

Levels and vault maps discovered:
D:1:      ncdulo_watergridlock, layout_loops_ring, minmay_lizard_pond
D:2:      layout_loops_ring, basic_altar, columned_hall_lemuel, uniq_sigmund
D:3:      layout_loops_ring, minmay_puff
D:4:      layout_loops_corners, minmay_temple_entry_from_below_b,
          kennysheep_generic_room_16, uniq_blork_the_orc, uniq_robin
D:5:      minmay_chambers_of_fours, layout_loops_corners,
          kennysheep_okawaru_gauntlet
D:6:      layout_loops_ring, mainiacjoe_overflow_catch_the_wave, serial_shops,
          nicolae_shop_gibbet_a_chance, amcnicky_mini_corridor_feature
D:7:      layout_loops_ring, mainiacjoe_overflow_six_doors_small
D:8:      layout_gridville, feat_on_display
D:9:      layout_basic, marbit_many_paths, mainiacjoe_overflow_24_doors,
          erik_lair_island, nicolae_shop_clearance, uniq_maggie
D:10:     layout_irregular_city, grunt_dithmenos_smoke_and_mirrors,
          mainiacjoe_overflow_concentric_impassable, uniq_grum
Temple:   eino_narrow_crystal_temple

Skill      XL: |  1  2  3  4  5  6  7  8  9 10 |
---------------+-------------------------------+-----
Earth Magic    | 5 6 7 |  7.1
Spellcasting   | 3 4 5 |  5.1
Conjurations   | 1 3 |  3.3
Maces & Flails | 2 3 5 6 |  6.4
Fighting       | 1 3 5 6 |  6.6
Armour         | 1 3 5 6 |  6.5
Dodging        | 2 3 4 5 |  5.3
Evocations     | 1 2 4 5 |  5.4
Stealth        | |  2.1
Transmutations | |  0.7

Action                     |  1- 3 |  4- 6 |  7- 9 | 10-12 || total
---------------------------+-------+-------+-------+-------++-------
  Melee: Flail             |       |     1 |     7 |     7 ||    15
   Cast: Sandblast         |    25 |    68 |   179 |    82 ||   354
    Use: Scroll            |       |       |     9 |     1 ||    10
 Armour: Robe              |     3 |    12 |    65 |    34 ||   114
         Troll leather arm |       |       |       |    22 ||    22
  Dodge: Dodged            |     7 |    18 |    83 |    63 ||   171

Table legend: (Time is in decaauts)
 A = Elapsed time spent in this place.
 B = Non-inter-level travel time spent in this place.
 C = Inter-level travel time spent in this place.
 D = Time resting spent in this place.
 E = Time spent auto-exploring this place.
 F = Levels seen in this place.
 G = Mean time per level.
                   A        B        C        D        E       F      G
               +--------+--------+--------+--------+--------+-----+--------+
         Total |   9832 |   9633 |    199 |   1162 |   6533 |  11 |  893.8 |
       Dungeon |   9800 |   9630 |    170 |   1162 |   6533 |  10 |  980.0 |
        Temple |     32 |      3 |     29 |      0 |      0 |   1 |   32.0 |
               +--------+--------+--------+--------+--------+-----+--------+

Top non-repeatable levels by time:
     D:5: 1663 daAuts
     D:4: 1244 daAuts
     D:3: 1237 daAuts
     D:8: 1141 daAuts
     D:2: 958 daAuts
     D:9: 903 daAuts
     D:7: 792 daAuts
     D:1: 790 daAuts
     D:6: 684 daAuts
    D:10: 382 daAuts
  Temple: 32 daAuts
